[Event "Gibraltar Challengers B 2020"]
[Site "Caleta"]
[Date "2020.01.26"]
[Round "2.22"]
[White "Meszaros, Andras"]
[Black "Boardman, Jeffrey"]
[Result "1-0"]
[ECO "D11"]
[WhiteElo "2244"]
[BlackElo "1972"]
[Annotator "ChessBase"]
[PlyCount "64"]
[EventDate "2020.01.20"]
[EventType "swiss"]
[EventCountry "GGB"]
[SourceTitle "playchess.com"]
[Source "ChessBase"]
[SourceQuality "1"]
[TimeControl "6600+10"]

1. Nf3 d5 2. c4 c6 3. e3 Nf6 4. d4 a6 5. Nbd2 Bf5 6. Ne5 e6 7. g4 Bg6 8. h4 dxc4 9. Bxc4 Be4 10. Nxe4 Nxe4 11. Qf3 Bb4+ 12. Ke2 Nd6 13. a3 Ba5 14. b4 Bc7 15. Bb2 f6 16. Bxe6 Qe7 17. Bb3 fxe5 18. dxe5 Nf7 19. Qf5 Nxe5 20. Bxe5 Bxe5 21. Qc8+ Qd8 22. Qxb7 Nd7 23. Rad1 Rc8 24. f4 Qc7 25. Qxa6 Ke7 26. Qc4 Rce8 27. fxe5 Rhf8 28. Rd6 Kd8 29. Rhd1 Rxe5 30. Rxd7+ Qxd7 31. Rxd7+ Kxd7 32. Qd4+ Ke8 1-0

[Event "Gibraltar Challengers B 2020"]
[Site "Caleta"]
[Date "2020.01.26"]
[Round "2.23"]
[White "Tejaswini, Sagar"]
[Black "Nergard, Ole-Kristian"]
[Result "1-0"]
[ECO "B78"]
[WhiteElo "2180"]
[BlackElo "1667"]
[Annotator "ChessBase"]
[PlyCount "43"]
[EventDate "2020.01.20"]
[EventType "swiss"]
[EventCountry "GGB"]
[SourceTitle "playchess.com"]
[Source "ChessBase"]
[SourceQuality "1"]
[TimeControl "6600+10"]

1. e4 c5 2. Nf3 d6 3. d4 cxd4 4. Nxd4 Nf6 5. Nc3 g6 6. Be3 Bg7 7. f3 Nc6 8. Qd2 O-O 9. Bc4 Bd7 10. O-O-O Rc8 11. Bb3 Ne5 12. Kb1 Nc4 13. Bxc4 Rxc4 14. g4 Qc7 15. Nde2 b5 16. e5 b4 17. exf6 bxc3 18. Nxc3 Bxf6 19. Nd5 Rb8 20. b3 Bc3 21. Qd3 Qa5 22. Qxc4 1-0

[Event "Gibraltar Challengers B 2020"]
[Site "Caleta"]
[Date "2020.01.26"]
[Round "2.24"]
[White "George, Lolomari Erekosima"]
[Black "Filipovich, David"]
[Result "1-0"]
[ECO "A42"]
[WhiteElo "2053"]
[BlackElo "1995"]
[Annotator "NA"]
[PlyCount "57"]
[EventDate "2020.01.20"]
[EventType "swiss"]
[EventCountry "GGB"]
[SourceTitle "playchess.com"]
[Source "ChessBase"]
[SourceQuality "1"]
[TimeControl "6600+10"]

1. d4 g6 2. c4 Bg7 3. Nf3 d6 4. g3 Nd7 5. Bg2 e5 6. O-O Ne7 7. Nc3 O-O 8. e4 exd4 9. Nxd4 Nc6 10. Nde2 a5 11. Rb1 Nc5 12. Be3 $11 Be6 13. b3 f5 14. Nd4 f4 15. gxf4 Nxd4 16. Bxd4 Bxd4 17. Qxd4 Rxf4 18. Ne2 Rg4 19. f3 Rh4 20. f4 Bh3 21. Ng3 Bxg2 22. Kxg2 Qd7 23. f5 Re8 24. Qd5+ Kg7 25. Qd4+ Re5 26. Rbd1 Qc6 27. fxg6 Nxe4 28. Nf5+ Kg8 29. Ne7+ 1-0

[Event "Gibraltar Challengers B 2020"]
[Site "Caleta"]
[Date "2020.01.26"]
[Round "2.25"]
[White "Bujakevich, Aleksandr"]
[Black "Rodriguez Perez, Angel Mariano"]
[Result "1-0"]
[ECO "B22"]
[WhiteElo "2014"]
[BlackElo "2220"]
[Annotator "NA"]
[PlyCount "119"]
[EventDate "2020.01.20"]
[EventType "swiss"]
[EventCountry "GGB"]
[SourceTitle "playchess.com"]
[Source "ChessBase"]
[SourceQuality "1"]
[TimeControl "6600+10"]

1. e4 c5 2. c3 Nf6 3. e5 Nd5 4. Bc4 Nb6 5. Bb3 d5 6. exd6 c4 7. Bxc4 {[%emt 0:02:43] Decoy} Nxc4 8. Qa4+ {[%emt 0:02:13] Double Attack} b5 9. Qxb5+ Qd7 $1 10. Qxc4 Ba6 11. Qf4 Nc6 12. Ne2 (12. d4 $16) 12... f6 (12... e5 $1 $11 13. Qe3 Bxd6) 13. Qe4 ({White should play} 13. dxe7 $16 Qxe7 14. Qe3) 13... Qxd6 14. d4 $16 e5 15. dxe5 fxe5 16. O-O Be7 17. c4 O-O 18. Nbc3 Nb4 19. Be3 Qc7 20. Rfd1 Bxc4 21. a3 Qc6 22. Qxe5 Bf6 23. Qc5 Qxc5 24. Bxc5 Rfe8 25. Bxb4 Bxe2 26. Nxe2 Rxe2 27. Bc3 Bxc3 28. bxc3 Rc8 29. Rac1 Ra2 30. c4 Rxa3 31. c5 Ra6 32. f4 Rac6 33. Rd5 a5 34. Kf2 Rb8 35. Ke3 a4 36. Rd6 Rxd6 37. cxd6 Rd8 38. Rc6 a3 39. Ra6 a2 40. Ke4 Rxd6 41. Rxa2 Kf7 42. g4 Rd7 43. h4 Rb7 44. Rd2 Re7+ 45. Kf3 Ra7 46. h5 h6 47. Rd6 Re7 48. g5 hxg5 49. fxg5 Ra7 50. Rd4 Ra3+ 51. Kf4 Ra8 52. Rd7+ Kf8 53. Kf5 Ra5+ 54. Kg6 Ra6+ 55. Kh7 Ra5 56. Rxg7 Rf5 57. h6 Ra5 58. g6 Rh5 59. Ra7 Rh1 60. g7+ 1-0

[Event "Gibraltar Challengers B 2020"]
[Site "Caleta"]
[Date "2020.01.26"]
[Round "2.26"]
[White "Godoy Olazabal, Artur"]
[Black "Gonzalvez Tamarit, Ivan"]
[Result "1-0"]
[ECO "D01"]
[WhiteElo "2154"]
[BlackElo "1918"]
[Annotator "ChessBase"]
[PlyCount "55"]
[EventDate "2020.01.20"]
[EventType "swiss"]
[EventCountry "GGB"]
[SourceTitle "playchess.com"]
[Source "ChessBase"]
[SourceQuality "1"]
[TimeControl "6600+10"]

1. d4 Nf6 2. Nc3 d5 3. Bg5 Bf5 4. f3 c6 5. g4 Bg6 6. Qd2 h5 7. gxh5 Bxh5 8. e4 dxe4 9. fxe4 Nbd7 10. Be2 Bg6 11. Qf4 Nh5 12. Qe3 Qc7 13. Bf3 f6 14. Bh4 e5 15. Nge2 Bd6 16. O-O-O exd4 17. Qxd4 Be5 18. Qg1 Nf4 19. Kb1 Kf7 20. Bf2 Nxe2 21. Bxe2 Bxc3 22. Bc4+ Ke7 23. Qxg6 Rae8 24. bxc3 Kd8 25. Qxg7 Kc8 26. Be6 Rh5 27. Rxd7 Rb5+ 28. Ka1 1-0

[Event "Gibraltar Challengers B 2020"]
[Site "Caleta"]
[Date "2020.01.26"]
[Round "2.27"]
[White "Obiamiwe, Paul"]
[Black "Kukic, Boris"]
[Result "1/2-1/2"]
[ECO "D38"]
[WhiteElo "1920"]
[BlackElo "2056"]
[Annotator "NA"]
[PlyCount "149"]
[EventDate "2020.01.20"]
[EventType "swiss"]
[EventCountry "GGB"]
[SourceTitle "playchess.com"]
[Source "ChessBase"]
[SourceQuality "1"]
[TimeControl "6600+10"]

1. Nf3 d5 2. d4 Nf6 3. c4 e6 4. cxd5 exd5 5. Nc3 c6 6. Qc2 Bb4 7. Bg5 O-O {[%emt 0:00:26] D38: Queen's Gambit Declined: Ragozin Defence (4 Nf3 Bb4)} 8. e3 h6 9. Bh4 Be7 10. Bd3 Nbd7 11. h3 (11. O-O Nh5 12. Bxe7 Qxe7 13. Rab1 Nhf6 14. b4 b6 15. a4 a5 16. bxa5 Rxa5 17. Nd2 Ba6 18. Nb3 Bxd3 19. Qxd3 Ra7 20. Rfc1 Qe6 {½-½ (67) Sedlak,N (2559)-Nemeth,M (2499) Hungary 2014}) 11... Ne8 $146 ({Predecessor:} 11... Re8 12. g4 Ne4 13. Bxe4 Bxh4 14. Bh7+ Kh8 15. O-O-O Nf8 {0-1 (45) Velasco,L (1800)-Cardona,F (2035) Bogota 2015}) 12. Bg3 Ndf6 13. O-O Nd6 14. Ne5 a6 15. Rad1 Be6 16. Na4 Nde4 $1 17. Bh2 Re8 18. f3 Ng5 19. Nc5 Bxc5 20. Qxc5 Nd7 21. Qc2 Nxe5 22. Bxe5 f6 23. Bg3 Qd7 24. h4 Nf7 25. Bh7+ Kh8 26. Bg6 Rf8 27. Qb3 Nd6 28. Bb1 Nc4 29. Rfe1 Bg8 30. Qc3 Rac8 31. b3 Nd6 32. Qb4 Nf7 33. e4 $16 dxe4 34. fxe4 Qg4 35. Qc3 Rcd8 36. Qf3 Qd7 37. e5 fxe5 38. dxe5 Qe7 39. Qe2 Rxd1 40. Rxd1 Nd8 41. Qd3 Ne6 42. Qe4 Rd8 43. Rd6 Re8 44. Qe3 c5 45. Qe4 Rc8 46. Bf2 b5 47. Rxa6 c4 48. Rc6 Rb8 49. Bc2 Nf8 50. Qd4 Ne6 51. Qd6 Qe8 52. Bf5 Rd8 53. Qxd8 Nxd8 54. Rc8 Qxe5 55. Bh3 Ne6 56. Re8 Qa1+ 57. Kh2 Qf6 58. Bxe6 Qxf2 59. Bxg8 g5 60. hxg5 Kg7 61. gxh6+ Kxh6 62. bxc4 bxc4 63. Bxc4 Qh4+ 64. Kg1 Qxc4 65. Re1 Qxa2 66. Re3 Kg5 67. Rf3 Kg4 68. Kh2 Qb1 69. Rg3+ Kf4 70. Rf3+ Ke4 71. Rh3 Qd1 72. Rf3 Qe1 73. Rh3 Kf4 74. Rf3+ Kg4 75. Rh3 1/2-1/2

[Event "Gibraltar Challengers B 2020"]
[Site "Caleta"]
[Date "2020.01.26"]
[Round "2.28"]
[White "Ruiz Buendia, Miguel"]
[Black "Verhoef, Jaap"]
[Result "1-0"]
[ECO "C28"]
[WhiteElo "1917"]
[BlackElo "2015"]
[Annotator "NA"]
[PlyCount "63"]
[EventDate "2020.01.20"]
[EventType "swiss"]
[EventCountry "GGB"]
[SourceTitle "playchess.com"]
[Source "ChessBase"]
[SourceQuality "1"]
[TimeControl "6600+10"]

1. e4 e5 2. Nc3 Nc6 3. Bc4 Nf6 4. d3 Bb4 5. Nge2 d5 6. exd5 Nxd5 7. O-O Be6 8. Bxd5 Bxd5 9. f4 Qd7 10. fxe5 Nxe5 11. Nxd5 Qxd5 12. Nf4 Qd6 13. d4 O-O-O 14. c3 Ba5 15. b4 Bb6 16. Kh1 $14 h5 17. a4 c6 18. Qb3 Ng4 19. h3 g5 20. a5 Bc7 21. b5 gxf4 22. Bxf4 Qg6 23. b6 Bb8 24. Bxb8 Ne3 25. Rf2 Kxb8 26. a6 axb6 27. Qxb6 Rd7 28. Rb2 Nc4 29. Qa7+ Kxa7 30. axb7+ Kb8 31. Ra8+ Kc7 32. Rxh8 1-0

[Event "Gibraltar Challengers B 2020"]
[Site "Caleta"]
[Date "2020.01.26"]
[Round "2.29"]
[White "Gonzalvez Perales, Jose Luis"]
[Black "Johnsen, Sylvia"]
[Result "1-0"]
[ECO "D02"]
[WhiteElo "1992"]
[BlackElo "1902"]
[Annotator "NA"]
[PlyCount "75"]
[EventDate "2020.01.20"]
[EventType "swiss"]
[EventCountry "GGB"]
[SourceTitle "playchess.com"]
[Source "ChessBase"]
[SourceQuality "1"]
[TimeControl "6600+10"]

1. d4 d5 2. Bf4 Nf6 3. e3 Bf5 4. Nf3 e6 5. c3 Bd6 6. Ne5 O-O 7. Nd2 h6 ({Black should play} 7... Nc6 $11) 8. h4 Nbd7 $14 9. Be2 Ne4 10. g4 Bh7 11. Nxe4 Bxe4 12. f3 Bh7 13. Bd3 Nxe5 14. dxe5 Be7 15. Bxh7+ Kxh7 16. Qd3+ Kg8 17. O-O-O c5 18. Bg3 c4 19. Qe2 Qa5 20. a3 b5 21. f4 g6 22. f5 Rfd8 23. fxg6 fxg6 24. Qc2 Kh7 25. h5 Rg8 26. hxg6+ Kg7 27. Rxh6 Rh8 28. Rh7+ Rxh7 29. gxh7 Rh8 30. Rh1 Qd8 31. Bf4 Bg5 32. Rh5 Bxf4 33. exf4 Qe7 34. f5 Qf7 35. f6+ Kf8 36. Qf2 Rxh7 37. Qc5+ Kg8 38. Qc8+ {[%emt 0:00:07] Qc7} 1-0

[Event "Gibraltar Challengers B 2020"]
[Site "Caleta"]
[Date "2020.01.26"]
[Round "2.30"]
[White "Alami, Halim"]
[Black "O`neil, Jim"]
[Result "1-0"]
[ECO "B21"]
[WhiteElo "1987"]
[BlackElo "1870"]
[Annotator "NA"]
[PlyCount "63"]
[EventDate "2020.01.20"]
[EventType "swiss"]
[EventCountry "GGB"]
[SourceTitle "playchess.com"]
[Source "ChessBase"]
[SourceQuality "1"]
[TimeControl "6600+10"]

1. e4 c5 2. f4 a6 3. Nf3 Nc6 4. Be2 Nf6 5. d3 e6 6. O-O {[%emt 0:00:20] B21: Sicilian: 2 f4 and Morra Gambit} d5 $146 ({Predecessor:} 6... d6 7. Nc3 Qc7 8. Qe1 b5 9. Bd2 b4 10. Nd1 g6 11. Ne3 Bg7 {½-½ (33) Ebeling,M (2250)-Ivanov,M (2438) Finland 2011}) 7. e5 Nd7 8. Be3 b6 9. c3 Bb7 10. d4 Ne7 11. Bf2 h5 12. Nh4 g6 13. Nd2 Nf5 14. Ndf3 Be7 15. Nxf5 gxf5 16. h4 Nf8 17. Ng5 Bxg5 18. fxg5 Qe7 19. Bxh5 c4 20. g4 fxg4 21. Qxg4 Kd7 22. Be3 Ng6 23. Rf6 $18 Rag8 24. Raf1 Rh7 25. Bxg6 fxg6 26. Bf2 Bc6 27. Qd1 Kd8 28. Bg3 Be8 29. b3 b5 30. bxc4 dxc4 31. Qf3 Qa7 32. Rxe6 1-0

[Event "Gibraltar Challengers B 2020"]
[Site "Caleta"]
[Date "2020.01.26"]
[Round "2.31"]
[White "Kaplan, Amiram"]
[Black "Fernandez Lopategi, Jon Andoni"]
[Result "1/2-1/2"]
[ECO "B01"]
[WhiteElo "1880"]
[BlackElo "1987"]
[Annotator "NA"]
[PlyCount "83"]
[EventDate "2020.01.20"]
[EventType "swiss"]
[EventCountry "GGB"]
[SourceTitle "playchess.com"]
[Source "ChessBase"]
[SourceQuality "1"]
[TimeControl "6600+10"]

1. e4 d5 2. exd5 Qxd5 3. Nc3 Qa5 4. d4 c6 5. h3 Bf5 6. Nf3 Nf6 7. Bd3 Bxd3 8. Qxd3 Nbd7 {[%emt 0:00:56] B01: Scandinavian Defence} (8... Qa6 9. Qxa6 Nxa6 10. Bg5 e6 11. O-O-O Bb4 12. Nb1 O-O 13. c3 Bd6 14. Rhe1 h6 15. Be3 b5 16. Nbd2 Rfc8 17. Nb3 Nc7 18. Ne5 Ncd5 19. Nd3 Nd7 20. Kc2 {½-½ (20) Zajic,M (2479)-Pezelj,N (2452) Banja Vrujci 2017}) 9. Bd2 e6 10. O-O Qc7 11. Rfe1 Bd6 12. a4 O-O $146 ({Predecessor:} 12... Nb6 13. Ne4 Nxe4 14. Qxe4 Nd5 15. c4 {1-0 (77) Hamid,R (1976)-Zisha,Z (1623) Dhaka 2015}) 13. Rad1 a6 14. Ng5 b5 15. axb5 axb5 16. Nge4 Bh2+ 17. Kh1 Bf4 18. Qf3 Bxd2 19. Rxd2 Nd5 20. g3 b4 $15 21. Nd1 Ra2 22. Kg2 N7b6 23. b3 Nc8 24. c4 Rxd2 25. Nxd2 Nf6 26. Ne4 Nxe4 27. Qxe4 Rd8 28. Ne3 Ne7 29. Ra1 h6 30. Nc2 c5 31. dxc5 Qxc5 32. Ra8 Rxa8 33. Qxa8+ Kh7 34. Qb7 Nf5 35. Qxb4 Qc6+ 36. Kh2 Qf3 37. Qd2 Qxb3 38. Qe2 g6 39. Kg2 Kg7 40. Ne1 Kf6 41. Nf3 Qc3 42. Qe4 {[%emt 0:00:31] Ke5} 1/2-1/2

[Event "Gibraltar Challengers B 2020"]
[Site "Caleta"]
[Date "2020.01.26"]
[Round "2.32"]
[White "Paul, Nathanael"]
[Black "Auvinen, Esa"]
[Result "1-0"]
[ECO "D02"]
[WhiteElo "1987"]
[BlackElo "1850"]
[Annotator "NA"]
[PlyCount "61"]
[EventDate "2020.01.20"]
[EventType "swiss"]
[EventCountry "GGB"]
[SourceTitle "playchess.com"]
[Source "ChessBase"]
[SourceQuality "1"]
[TimeControl "6600+10"]

1. d4 Nf6 2. Bf4 e6 3. e3 d5 4. Nd2 Be7 5. Bd3 O-O 6. c3 Nbd7 7. Ngf3 c5 8. Ne5 Re8 {[%emt 0:06:47] D02: 1 d4 d5 2 Nf3 sidelines, including 2...Nf6 3 g3 and 2...Nf6 3 Bf4} 9. h4 Nf8 10. Ndf3 $146 ({Predecessor:} 10. Qf3 Bd6 11. h5 Bxe5 12. dxe5 N6d7 13. Qg3 f6 14. Nf3 Qe7 15. exf6 Qxf6 16. Ne5 Qe7 17. Nxd7 Nxd7 18. h6 g6 19. Bxg6 hxg6 20. Qxg6+ Kh8 21. Bd6 Rg8 22. Qxg8+ Kxg8 23. Bxe7 {1-0 (23) Buckels,V (2318)-Schoppen,C (2440) Hoogeveen 2017}) 10... Ne4 11. Bxe4 (11. Ng5 $16 f6 12. Ngf7 fxe5 13. Nxd8 exf4 14. Qf3 (14. exf4 Rxd8 15. Qe2 cxd4 $11) (14. f3 Ng3 $17)) 11... dxe4 12. Ng5 $1 f6 13. Ngf7 fxe5 14. Nxd8 exf4 15. Qc2 fxe3 16. fxe3 Rxd8 17. Qxe4 Rb8 18. O-O-O cxd4 19. exd4 Bf6 20. Rdf1 Bd7 21. Qg4 Kh8 $2 {[%emt 0:03:01] [#]} (21... Be7 $14) 22. Rxf6 $1 gxf6 23. Rf1 f5 24. Qg5 $18 Bc6 25. Qf6+ Kg8 26. g4 fxg4 27. Qg5+ Ng6 28. h5 Bf3 29. hxg6 hxg6 30. Qxg6+ Kf8 31. Qxg4 {[%emt 0:00:08] Kg8} 1-0

[Event "Gibraltar Challengers B 2020"]
[Site "Caleta"]
[Date "2020.01.26"]
[Round "2.33"]
[White "Niharika, Ch"]
[Black "Herzwurm, Robert"]
[Result "0-1"]
[ECO "C19"]
[WhiteElo "1865"]
[BlackElo "1979"]
[Annotator "NA"]
[PlyCount "90"]
[EventDate "2020.01.20"]
[EventType "swiss"]
[EventCountry "GGB"]
[SourceTitle "playchess.com"]
[Source "ChessBase"]
[SourceQuality "1"]
[TimeControl "6600+10"]

1. e4 e6 2. d4 d5 3. Nc3 Bb4 4. e5 c5 5. a3 Bxc3+ 6. bxc3 Ne7 7. Nf3 b6 8. a4 Qc7 9. Bd3 h6 10. O-O Ba6 11. Bxa6 Nxa6 12. Qe2 Nb8 13. Qb5+ Nd7 14. a5 O-O 15. Bf4 c4 16. Rfb1 Rfb8 17. a6 Ng6 18. Bc1 f6 $17 19. Ba3 fxe5 20. dxe5 Ndxe5 21. Nd4 Ng4 22. g3 Qf7 23. f3 Nf6 24. Re1 Re8 25. Qb1 Nd7 26. Qd1 Nc5 27. Bb4 Qd7 28. Re3 Rad8 29. Qf1 e5 30. Ne2 Qb5 31. f4 d4 32. cxd4 exd4 33. Rxe8+ Qxe8 34. Re1 Qb5 35. Rb1 Qc6 36. c3 dxc3 37. Bxc3 Nd3 38. h4 Qc5+ 39. Kg2 Qe3 40. h5 Ne7 41. f5 Nxf5 42. Rb5 Nd6 43. Rd5 Rf8 44. Qxf8+ Kxf8 45. Nd4 Qe4+ 0-1

[Event "Gibraltar Challengers B 2020"]
[Site "Caleta"]
[Date "2020.01.26"]
[Round "2.34"]
[White "Wang, Cong"]
[Black "Erdogan, Hassan"]
[Result "1-0"]
[ECO "B06"]
[WhiteElo "1975"]
[BlackElo "1830"]
[Annotator "NA"]
[PlyCount "93"]
[EventDate "2020.01.20"]
[EventType "swiss"]
[EventCountry "GGB"]
[SourceTitle "playchess.com"]
[Source "ChessBase"]
[SourceQuality "1"]
[TimeControl "6600+10"]

1. e4 d6 2. d4 g6 3. Nf3 Bg7 4. Bd3 h6 5. O-O e6 6. c3 Nf6 7. e5 dxe5 8. Nxe5 O-O 9. Nd2 Nfd7 10. f4 Nxe5 11. fxe5 Bxe5 12. dxe5 Qxd3 13. Nf3 Qxd1 14. Rxd1 Kg7 15. Be3 b6 16. Nd4 a6 17. Rd2 Bb7 18. Rad1 $17 Nc6 19. Nf3 Rfd8 20. Rd7 Rxd7 21. Rxd7 Rc8 22. Bxb6 cxb6 23. Rxb7 b5 24. Rb6 g5 25. h3 Nb8 26. Kf2 Nd7 27. Rxa6 b4 28. cxb4 Rc2+ 29. Kg3 Rxb2 30. Rd6 Nf8 31. Rb6 Rxa2 32. h4 gxh4+ 33. Nxh4 Ng6 34. Nxg6 Kxg6 35. Rb7 Kf5 36. Rxf7+ Kxe5 37. Rf2 Ra8 38. Rb2 Rg8+ 39. Kf3 Kd4 40. b5 Rf8+ 41. Kg4 e5 42. b6 e4 43. b7 Rb8 44. Rb3 e3 45. Kf3 Rf8+ 46. Ke2 Rf2+ 47. Ke1 1-0

[Event "Gibraltar Challengers B 2020"]
[Site "Caleta"]
[Date "2020.01.26"]
[Round "2.35"]
[White "Manukonda, Arun"]
[Black "Olufemi, George"]
[Result "1-0"]
[ECO "A04"]
[WhiteElo "1959"]
[BlackElo "1803"]
[Annotator "NA"]
[PlyCount "104"]
[EventDate "2020.01.20"]
[EventType "swiss"]
[EventCountry "GGB"]
[SourceTitle "playchess.com"]
[Source "ChessBase"]
[SourceQuality "1"]
[TimeControl "6600+10"]

1. Nf3 g6 2. g3 Bg7 3. Bg2 c5 4. d3 Nc6 5. e4 d6 6. Nbd2 Nh6 7. c3 O-O 8. O-O Rb8 {[%emt 0:00:28] A04: Unusual lines after 1 Nf3 and King's Indian Attack} 9. a4 b6 $146 ({Predecessor:} 9... Ng4 10. h3 Nge5 11. Ne1 f5 12. f4 Nf7 13. exf5 gxf5 {1-0 (45) De Greif,B (2320)-Castro Gonzales,G Bogota 1976}) 10. h3 e6 11. Ne1 Qc7 12. Nc4 f6 13. f4 a6 14. g4 Nf7 15. h4 Ne7 16. Ne3 Rd8 17. Qb3 b5 18. axb5 axb5 19. Bd2 Qd7 20. f5 $11 Ne5 21. g5 c4 22. dxc4 exf5 23. cxb5+ Qe6 24. Nd5 Kh8 25. c4 Ng4 26. gxf6 Nxf6 27. Nxf6 Bxf6 28. Bc3 Bb7 29. Nd3 Rf8 30. Nf4 Qf7 31. Ra7 Nc8 32. Nd5 Be5 33. Bxe5+ dxe5 34. Ra3 Bxd5 35. exd5 Qe7 36. Qe3 Rf7 37. Re1 Nd6 38. b3 Re8 39. Ra6 f4 40. Qh3 Qf6 41. Rf1 e4 42. c5 Qd4+ 43. Kh1 Qxc5 44. Rc6 Qxd5 45. Qc3+ Kg8 46. Rc5 Qd3 47. Qxd3 exd3 48. Bd5 Kg7 49. Bxf7 Nxf7 50. Rd5 Ne5 51. Rxf4 Re7 52. b6 Nf7 1-0

[Event "Gibraltar Challengers B 2020"]
[Site "Caleta"]
[Date "2020.01.26"]
[Round "2.36"]
[White "Garcia-Blazquez Perez, Manuel"]
[Black "Perez Ruiz, Santiago"]
[Result "0-1"]
[ECO "C45"]
[WhiteElo "1825"]
[BlackElo "1953"]
[Annotator "NA"]
[PlyCount "72"]
[EventDate "2020.01.20"]
[EventType "swiss"]
[EventCountry "GGB"]
[SourceTitle "playchess.com"]
[Source "ChessBase"]
[SourceQuality "1"]
[TimeControl "6600+10"]

1. e4 e5 2. Nf3 Nc6 3. d4 exd4 4. Nxd4 Bc5 5. Be3 Qf6 6. Nb5 Bxe3 7. fxe3 Qh4+ 8. g3 Qxe4 9. Nxc7+ Kd8 10. Nxa8 Qxh1 11. Qd6 Nge7 {[%emt 0:01:06] [#]} (11... Nf6 $11 {keeps the balance.} 12. Nc3 Qf3 13. Qc7+ Ke7) 12. Nc3 (12. Qc7+ $1 $16 Ke8 13. Nc3) 12... Qf3 13. Qc7+ Ke8 14. Rd1 (14. Kd2 $11 {keeps the balance.}) 14... Qxe3+ 15. Be2 {[%emt 0:00:06] [#]} f6 ({Black should try} 15... Nd4 $1 $17 16. Kf1 d5) 16. Nb5 (16. Qd6 $11 {remains equal.}) 16... Kf7 $15 17. Nd6+ Kg6 18. c3 Ne5 19. Kf1 Nf3 20. Bd3+ f5 21. Kg2 Ne1+ 22. Rxe1 Qxe1 23. Nc4 Nc6 24. Qf4 d5 25. Nd6 Rf8 26. Nxc8 Qe5 27. Ne7+ Qxe7 28. g4 Qg5 29. Qd6+ Rf6 30. Bxf5+ Kh6 31. Qg3 g6 32. h4 Qd2+ 33. Kh3 Kg7 34. Nc7 gxf5 35. Ne8+ Kf7 36. Nxf6 f4 0-1

[Event "Gibraltar Challengers B 2020"]
[Site "Caleta"]
[Date "2020.01.26"]
[Round "2.37"]
[White "Fabregas, Oliver"]
[Black "Tkadlecek, Petr"]
[Result "1-0"]
[ECO "A07"]
[WhiteElo "1951"]
[BlackElo "1775"]
[Annotator "NA"]
[PlyCount "109"]
[EventDate "2020.01.20"]
[EventType "swiss"]
[EventCountry "GGB"]
[SourceTitle "playchess.com"]
[Source "ChessBase"]
[SourceQuality "1"]
[TimeControl "6600+10"]

1. Nf3 Nf6 2. g3 d5 3. Bg2 c6 4. b3 g6 5. Bb2 Bg7 6. d3 O-O 7. O-O Re8 8. Nbd2 Nbd7 9. e4 {[%emt 0:02:46] A07: Réti Opening: New York and Capablanca Systems} (9. Re1 $11) 9... dxe4 10. dxe4 e5 (10... Nxe4 $15 11. Bxg7 Nxd2 12. Qxd2 Kxg7) 11. Qe2 (11. Re1 b5 12. a4 Qc7 13. Qe2 a6 14. Red1 Nc5 15. Ne1 Bg4 16. Bf3 Be6 17. Nd3 Nfd7 18. Nxc5 Nxc5 19. Ba3 Bf8 20. Qe3 Nd7 21. Bxf8 Rxf8 {½-½ (58) Muthaiah,A (2420)-Amonatov,F (2624) Mumbai 2019}) 11... Qc7 12. Rfd1 a5 13. a4 b6 14. h3 Ba6 15. Qe3 Rac8 $146 ({Predecessor:} 15... Rad8) 16. Rac1 Bf8 17. c4 Bc5 18. Qe2 Bf8 19. Kh2 Bh6 20. Rc2 Bb7 21. Ba3 c5 22. Ne1 Nf8 23. Bb2 Ne6 24. Nd3 Nd4 25. Bxd4 exd4 ({Better is} 25... cxd4 $17 26. h4 Qd8) 26. f4 Re7 27. e5 Rce8 28. Qf2 Nd7 {[%emt 0:00:54] [#]} 29. Bd5 $16 Bg7 30. Qf3 Bc8 31. Ne4 Nf8 32. Re2 Bd7 33. Rde1 Rd8 34. Kg2 Be6 35. Nd6 Qd7 36. g4 h6 37. Bc6 Qc7 38. Nb5 Qc8 39. Rf1 f6 40. f5 gxf5 41. gxf5 Bf7 42. e6 Be8 43. Be4 Nh7 44. h4 Bf8 45. Nf4 Rg7+ 46. Kh1 Bxb5 47. axb5 Ra7 48. Rg1+ Bg7 49. Bd5 Re7 50. Reg2 Qc7 51. Rxg7+ Rxg7 52. e7+ Kh8 53. exd8=Q+ Qxd8 54. Rxg7 Kxg7 55. Ne6+ 1-0

[Event "Gibraltar Challengers B 2020"]
[Site "Caleta"]
[Date "2020.01.26"]
[Round "2.38"]
[White "Kunnavakkam, Sudarshanagopal Vin"]
[Black "Mao, Yingzhou"]
[Result "0-1"]
[ECO "B21"]
[WhiteElo "1786"]
[BlackElo "1948"]
[Annotator "NA"]
[PlyCount "80"]
[EventDate "2020.01.20"]
[EventType "swiss"]
[EventCountry "GGB"]
[SourceTitle "playchess.com"]
[Source "ChessBase"]
[SourceQuality "1"]
[TimeControl "6600+10"]

1. e4 c5 2. d4 cxd4 3. c3 dxc3 4. Nxc3 Nc6 5. Bc4 e6 6. Nf3 a6 7. Qe2 b5 8. Bb3 Na5 9. Bc2 Bb7 10. O-O Nf6 11. e5 Nd5 12. Ne4 h6 13. a3 Be7 (13... Rc8 $17 14. a4 Nb4) 14. Qd3 Qc7 15. b3 Rc8 16. Bb1 b4 17. Bd2 bxa3 $17 18. Nd6+ Bxd6 19. exd6 Qb6 20. Rxa3 Nc6 21. Re1 Ncb4 22. Qe4 Qxd6 23. Ra4 Nc6 24. Qg4 g5 25. Qh3 Ke7 26. Nd4 Nxd4 27. Rxd4 Qb6 28. Qd3 Qb5 29. Qg3 Bc6 30. h4 Rcg8 31. hxg5 hxg5 32. Bd3 Qb6 33. Bb4+ Kd8 34. Qd6 Qc7 35. Bxa6 Nxb4 36. Qxb4 Rh2 37. Rg4 Rgh8 38. Kf1 Rh1+ 39. Ke2 Qe5+ 40. Kd1 Qa1+ 0-1

[Event "Gibraltar Challengers B 2020"]
[Site "Caleta"]
[Date "2020.01.26"]
[Round "2.39"]
[White "Maldonado Mena, German"]
[Black "Lee, Alexandre Km"]
[Result "1-0"]
[ECO "E71"]
[WhiteElo "1946"]
[BlackElo "1557"]
[Annotator "NA"]
[PlyCount "109"]
[EventDate "2020.01.20"]
[EventType "swiss"]
[EventCountry "GGB"]
[SourceTitle "playchess.com"]
[Source "ChessBase"]
[SourceQuality "1"]
[TimeControl "6600+10"]

1. d4 Nf6 2. c4 g6 3. Nc3 Bg7 4. e4 d6 5. h3 O-O 6. Be3 e5 7. d5 Qe8 {[%emt 0:01:20] E71: King's Indian: 4 e4 d6 5 h3} 8. g4 a5 9. Qd2 $146 ({Predecessor:} 9. Nge2 $16 Na6 10. Ng3 c6 11. g5 Nd7 12. dxc6 bxc6 13. Qxd6 f5 14. gxf6 Rxf6 15. Qd2 {0-1 (30) Karpov,A (2670)-Anand,V (2801) Moscow 2007}) 9... Na6 10. Nge2 Nd7 ({Black should play} 10... Nxe4 $14 11. Nxe4 f5) 11. Ng3 Ndc5 12. Be2 Nb4 13. h4 b6 14. h5 Bd7 15. Rb1 Nba6 16. Bh6 Bxh6 17. Qxh6 Qe7 18. Kd2 g5 19. Nd1 f6 20. Ne3 Qg7 $16 (20... Qe8 $15) 21. Nef5 Qxh6 22. Nxh6+ Kh8 23. f3 Rfb8 24. b3 b5 25. cxb5 Bxb5 26. Bxb5 Rxb5 27. Ngf5 Rab8 28. Rbc1 a4 29. bxa4 Nxa4 30. Rc2 N6c5 31. Ne7 Rb2 32. Rhc1 R2b5 33. Nhf5 Nb6 34. h6 Nbd7 35. Nc6 Ra8 36. Nfe7 Rb6 37. Ke3 Nf8 38. Rc3 Ng6 39. a3 Nxe7 40. Nxe7 Re8 41. Nf5 Kg8 42. Rxc5 dxc5 43. Rxc5 Rb3+ 44. Kf2 Rb7 45. d6 cxd6 46. Nxd6 Rb2+ 47. Kg3 Ra8 48. Rc7 Rd8 49. Rg7+ Kf8 50. Nc4 Rc2 51. Rxh7 Kg8 52. Rg7+ Kf8 53. Ne3 Re2 54. Nd5 Rd6 55. Rc7 1-0